 Dungeon Crawl Stone Soup version 0.22-a0-392-g5dc3fd9af9 (webtiles) character file.

49 D1HalberdGnoll the Chiller (level 3, 0/26 HPs)
             Began as a Demonspawn Ice Elementalist on May 1, 2018.
             Slain by a water moccasin (7 damage)
             ... on level 3 of the Dungeon.
             The game lasted 00:02:54 (2451 turns).

D1HalberdGnoll the Chiller (DsIE)                   Turns: 2451, Time: 00:02:55

Health: 0/26       AC:  6    Str:  7 (8)  XL:     3   Next: 53%
Magic:  0/6        EV: 14    Int: 16 (17) God:
Gold:   112        SH:  0    Dex: 12 (13) Spells: 3/6 levels left

rFire    + . .     SeeInvis .   n - +0 quarterstaff
rCold    . . .     Gourm    .   (shield currently unavailable)
rNeg     . . .     Faith    .   j - +0 robe
rPois    .         Spirit   .   (no helmet)
rElec    .         Reflect  .   (no cloak)
rCorr    .         Harm     .   a - +2 pair of gloves
MR       .....                  g - +0 pair of boots (curse)
Stlth    ++........             (no amulet)
HPRegen  0.08/turn              b - +2 ring of evasion
MPRegen  0.10/turn              (no ring)

@: very slightly contaminated
A: fire resistance 1, sturdy frame 1
a: no special abilities


You were on level 3 of the Dungeon.
You were hungry.

You visited 1 branch of the dungeon, and saw 3 of its levels.

You collected 112 gold pieces.

Inventory:

Hand Weapons
 n - a +0 quarterstaff (weapon)
Armour
 a - a +2 pair of gloves (worn)
 g - a cursed +0 pair of boots (worn)
 j - a +0 robe (worn)
Jewellery
 b - a +2 ring of evasion (left hand)
Scrolls
 e - 2 scrolls of remove curse {unknown}
 f - a scroll of identify {unknown}
 i - a scroll of fog {unknown}
 k - 2 scrolls of teleportation {unknown}
 l - a scroll of blinking {unknown}
Potions
 d - a potion of degeneration
 o - a potion of might {unknown}
Comestibles
 c - a ration


   Skills:
 + Level 1.1 Fighting
 + Level 2.2 Dodging
 - Level 1.7 Stealth
 + Level 2.4 Spellcasting
 - Level 1.0 Conjurations
 * Level 3.3 Ice Magic


You had 3 spell levels left.
You knew the following spells:

 Your Spells              Type           Power        Failure   Level  Hunger
a - Freeze                Ice            ##..         4%          1    #......
b - Throw Frost           Conj/Ice       #.....       12%         2    ###....


Dungeon Overview and Level Annotations

Branches:
Dungeon (3/15)

Altars:
Sif Muna


Innate Abilities, Weirdness & Mutations

Your flesh is heat resistant. (rF+)
Your movements are slightly less encumbered by armour. (ER -2)


Message History

* * * LOW HITPOINT WARNING * * *
You are lethally poisoned!
The water moccasin poisons you!
You feel better. The water moccasin barely misses you.
You closely miss the water moccasin.
The water moccasin is heavily wounded.
The water moccasin bites you!
* * * LOW HITPOINT WARNING * * *
You miss the water moccasin.
The water moccasin is heavily wounded.
The water moccasin bites you but does no damage.
Casting: Freeze (safe; 4% risk of failure)
Confirm with . or Enter, or press ? or * to list all spells.
Aiming: Freeze (safe; 4% risk of failure)
Press: ? - help, Shift-Dir - straight line, f/p - water moccasin
Aim: a water moccasin (heavily wounded, slow)
You freeze the water moccasin.
The water moccasin is severely wounded.
The water moccasin bites you!
You die...

#.# #.#..........## #
#.#####.#...###...#.###
#.#........###.....#.#.
#.#.###.#### ##...###.#
#.#.###.# ##.......
#.#.....# #.######
#.......# #.# ######.##
#+# #@# #S# #K# #.g.#
....... ###...### K....
###.#.# #.#.#


You could see a water moccasin, a hobgoblin and 2 kobolds.

Vanquished Creatures
  A worm (D:2)
  A dart slug (D:2)
  3 leopard geckos
  An orc (D:2)
  A ball python (D:1)
  A bat (D:1)
  3 giant cockroaches
  2 goblins
  7 hobgoblins (D:1)
  7 kobolds
  2 quokkas
  4 frilled lizards
  3 rats
36 creatures vanquished.

Notes
Turn   | Place    | Note
-------+----------+-------------------------------------------
     0 | D:1      | D1HalberdGnoll the Demonspawn Ice Elementalist began the quest for the Orb.
     0 | D:1      | Reached XP level 1. HP: 13/13 MP: 3/3
   603 | D:1      | Gained mutation: Your flesh is heat resistant. (rF+) [demonic ancestry]
   603 | D:1      | Reached XP level 2. HP: 20/20 MP: 5/5
   647 | D:1      | Reached skill level 3 in Ice Magic
  1447 | D:1      | Learned a level 2 spell: Throw Frost
  1576 | D:2      | Reached skill level 1 in Fighting
  1576 | D:2      | Gained mutation: Your movements are slightly less encumbered by armour. (ER -2) [demonic ancestry]
  1576 | D:2      | Reached XP level 3. HP: 26/26 MP: 1/6
  1646 | D:2      | Found a deep blue altar of Sif Muna.
  2431 | D:3      | Noticed a water moccasin
  2451 | D:3      | Slain by a water moccasin

Vault maps used:
D:1:      eino_arrival_druids_welcome
D:2:      lemuel_doored_altar
D:3:      okawaru_altar_gauntlet_db, first_ration, st_stairs_8

Skill      XL: |  1  2 |
---------------+-------+-----
Ice Magic      | 3 |  3.3
Dodging        | 2 |  2.2
Fighting       | 1 |  1.1
Stealth        | |  1.7
Spellcasting   | |  2.4
Conjurations   | |  1.0

Action                   || total
-------------------------++-------
Melee: Unarmed           ||     9
       Spear             ||     3
       Whip              ||    15
       Quarterstaff      ||    11
 Cast: Freeze            ||    62
       Throw Frost       ||     4
  Use: Potion            ||     3
 Stab: Sleeping          ||     4
  Eat: Chunk             ||     5
Armor: Robe              ||    15
Dodge: Dodged            ||    45

Table legend:
 A = Spawn XP
 B = Non-spawn XP
 C = Spawn XP percentage of total XP
 D = Spawn monster count
 E = Non-spawn monster count
 F = Spawn count percentage of total count
 G = Total turns spent on level
                    A         B        C        D         E        F      G
               +---------+---------+-------+---------+---------+-------+---------
         Total |       0 |      71 |   0.0 |       0 |      36 |   0.0 |  2451
               +---------+---------+-------+---------+---------+-------+---------
           D:1 |       0 |      39 |   0.0 |       0 |      21 |   0.0 |  1545
           D:2 |       0 |      28 |   0.0 |       0 |      13 |   0.0 |   774
           D:3 |       0 |       4 |   0.0 |       0 |       2 |   0.0 |   132
               +---------+---------+-------+---------+---------+-------+---------
